 Dungeon Crawl Stone Soup version 0.22.1-1-ga44c0e56f4 (webtiles) character file.

8801 bananovenc the Cleaver (level 11, -12/101 HPs)
             Began as a Minotaur Berserker on Sept 26, 2018.
             Was a High Priest of Trog.
             Mangled by Sonja
             ... wielding a +2 dagger of distortion
              (18 damage)
             ... on level 2 of the Lair of Beasts on Sept 28, 2018.
             The game lasted 02:15:24 (11240 turns).

bananovenc the Cleaver (Minotaur Berserker)        Turns: 11240, Time: 02:15:29

Health: -12/101    AC: 17    Str: 25    XL:     11   Next: 14%
Magic:  10/10      EV: 11    Int:  4    God:    Trog [*****.]
Gold:   491        SH:  0    Dex: 10    Spells: 10/10 levels left

rFire    . . .     SeeInvis .   F - +0 hand axe
rCold    . . .     Gourm    .   (no shield)
rNeg     . . .     Faith    .   x - +0 chain mail
rPois    .         Spirit   .   (helmet restricted)
rElec    .         Reflect  .   k - +1 cloak
rCorr    .         Harm     .   z - +0 pair of gloves
MR       +....                  h - +0 pair of boots
Stlth    ..........             p - amulet of regeneration
HPRegen  0.66/turn              t - ring of protection from magic
MPRegen  0.12/turn              E - ring of stealth

@: lethally poisoned (-12 -> -32), slowed, very slow
A: retaliatory headbutt, horns 2
a: Berserk, Trog's Hand, Brothers in Arms, Renounce Religion


You were on level 2 of the Lair of Beasts.
You worshipped Trog.
Trog was extremely pleased with you.
You were hungry.

You visited 3 branches of the dungeon, and saw 11 of its levels.

You collected 491 gold pieces.

Inventory:

Hand Weapons
 a - a +0 hand axe
 F - a +0 hand axe (weapon)
Missiles
 K - a throwing net (quivered)
Armour
 h - a +0 pair of boots (worn)
 k - a +1 cloak (worn)
 x - a +0 chain mail (worn)
 z - a +0 pair of gloves (worn)
Jewellery
 g - an uncursed ring of see invisible {unknown}
 p - an amulet of regeneration (around neck)
 s - an uncursed amulet of guardian spirit {unknown}
 t - a ring of protection from magic (left hand)
 w - an uncursed amulet of magic regeneration {unknown}
 B - an uncursed ring of wizardry {unknown}
 D - an uncursed ring of poison resistance {unknown}
 E - a ring of stealth (right hand)
 L - an uncursed ring of ice
Wands
 i - a wand of digging (14)
 o - a wand of random effects (26)
 A - a wand of flame (20)
 J - a wand of disintegration (19)
Scrolls
 d - 6 scrolls of remove curse
 q - 9 scrolls of teleportation
 r - 4 scrolls of amnesia
 u - a scroll of fear
 y - a scroll of fog
 H - a scroll of magic mapping
 I - 4 scrolls of identify
 M - 3 scrolls of enchant armour
Potions
 e - 6 potions of curing
 f - 3 potions of brilliance
 j - 2 potions of haste {unknown}
 l - 3 potions of flight
 m - 3 potions of agility
 v - 2 potions of mutation {unknown}
 C - a potion of resistance {unknown}
 N - 2 potions of lignification {unknown}
Comestibles
 c - 8 rations


   Skills:
 + Level 10.4 Fighting
 + Level 13.2 Axes
 + Level 11.1 Armour
 + Level 5.5 Dodging
 + Level 2.1 Stealth


You had 10 spell levels left.
You didn't know any spells.
Your spell library was empty.

Dungeon Overview and Level Annotations

Branches:
Dungeon (8/15)             Temple (1/1) D:4            Lair (2/6) D:8
  Swamp: Lair:2-4    Shoals: Lair:2-4     Snake: Lair:2-4    Spider: Lair:2-4

Altars:
Ashenzari
Cheibriados
Dithmenos
Elyvilon
Fedhas
Gozag
Hepliaklqana
Kikubaaqudgha
Makhleb
Nemelex Xobeh
Okawaru
Qazlal
Ru
Sif Muna
Trog
Uskayaw
Vehumet
Wu Jian
Xom
Yredelemnul
Zin
The Shining One

Shops:
D:7 *

Annotations:
Lair:2 Sonja


Innate Abilities, Weirdness & Mutations

You reflexively headbutt those who attack you in melee.
You have a pair of horns on your head.


Message History

You see here a curare-tipped needle.
You feel extremely sick.
You feel very sick.
Sonja gestures wildly while chanting.
Sonja blinks!
You see here a curare-tipped needle.
You feel very sick.
You feel very sick.
Sonja unwields an uncursed blowgun.
Sonja wields an uncursed dagger of distortion.
Its appearance distorts for a moment.
Sonja hits you but does no damage. Space warps horribly around you!
* * * LOW HITPOINT WARNING * * *
Sonja closely misses you.
Sonja hits you with an uncursed dagger of distortion.
* * * LOW HITPOINT WARNING * * *
Space bends around you.
* * * LOW HITPOINT WARNING * * *
Sonja hits you but does no damage. Space warps horribly around you!
You die...

.. #....#.### ...
#K.#.... ....# #.....##
.....# #......#
......##.....##
#.......#..(.P##
#.......#((...#
#.......K....##
##.....@.....<##
###.......)...##
##...........# #
###............# #### #
##..............###..###
##........##.........###.
#.........###P.......# #P
##.......######P<....##
##
##.......#####.......##
#.


You could see Sonja.

Vanquished Creatures
  Fannar (Lair:2)
  Erica (Lair:2)
  The ghost of Kape1 the Conjurer, a novice DgCj (D:6)
  The ghost of Knicklaso the Basher, a novice MiBe of Trog (D:4)
  A rime drake (Lair:1)
  2 komodo dragons
  Grinder (D:3)
  3 blink frogs (Lair:2)
  A hippogriff (Lair:2)
  A basilisk (Lair:2)
  4 yaks (Lair:2)
  2 water moccasins (Lair:1)
  Duvessa (D:4)
  5 porcupines
  An orc warrior (D:7)
  A sky beast (D:6)
  3 ice beasts
  A necrophage (D:6)
  3 phantoms (D:5)
  2 ogres
  A centaur (D:4)
  6 wolves
  A big kobold (D:7)
  8 bullfrogs
  2 scorpions
  Dowan (D:4)
  A vampire bat (D:3)
  5 wights (D:7)
  A howler monkey (D:5)
  3 hounds
  4 crimson imps
  2 orc priests
  A centaur zombie (D:5)
  2 jellies
  Jessica (D:3)
  Terence (D:3)
  4 orc wizards
  5 worker ants
  A hound skeleton (D:5)
  Robin (D:2)
  13 adders
  A shadow imp (D:6)
  2 oozes
  An adder skeleton (D:6)
  3 worms
  3 dart slugs
  5 leopard geckos
  29 orcs
  A ball python (D:3)
  4 bat skeletons (D:3)
  2 bat zombies (D:3)
  5 giant cockroaches
  11 hobgoblins
  7 jackals
  4 quokkas
  A bat (D:3)
  6 frilled lizards
  A giant cockroach zombie (D:5)
  10 goblins
  A jackal skeleton (D:4)
  3 kobolds
  A leopard gecko skeleton (D:7)
  6 rats
  5 fungi (Lair:1)
  2 plants (Lair:1)
214 creatures vanquished.

Notes
Turn   | Place    | Note
-------+----------+-------------------------------------------
     0 | D:1      | bananovenc the Minotaur Berserker began the quest for the
                  | Orb.
     0 | D:1      | Reached XP level 1. HP: 19/19 MP: 0/0
   112 | D:1      | Reached XP level 2. HP: 26/27 MP: 1/1
   509 | D:1      | Reached skill level 4 in Axes
   897 | D:2      | Reached XP level 3. HP: 28/33 MP: 2/2
  1004 | D:2      | Reached ** piety under Trog
  1091 | D:2      | Noticed Robin
  1109 | D:2      | Killed Robin
  1152 | D:2      | Reached XP level 4. HP: 19/41 MP: 3/3
  1798 | D:2      | Found a snail-covered altar of Cheibriados.
  2201 | D:2      | Found a bloodstained altar of Trog.
  2240 | D:3      | Noticed Jessica
  2249 | D:3      | Killed Jessica
  2628 | D:3      | Noticed Terence
  2639 | D:3      | Killed Terence
  2639 | D:3      | Reached skill level 5 in Axes
  2639 | D:3      | Reached XP level 5. HP: 45/47 MP: 4/4
  2762 | D:3      | Noticed Grinder
  2776 | D:3      | Killed Grinder
  2776 | D:3      | Reached skill level 5 in Fighting
  2776 | D:3      | Reached skill level 6 in Axes
  2776 | D:3      | Reached skill level 1 in Stealth
  2776 | D:3      | Reached XP level 6. HP: 35/56 MP: 5/5
  2869 | D:3      | Found a faded altar of an unknown god.
  2871 | D:3      | Found a shadowy altar of Dithmenos.
  3049 | D:3      | Reached *** piety under Trog
  3106 | D:3      | Found an ancient bone altar of Kikubaaqudgha.
  3731 | D:4      | Found a staircase to the Ecumenical Temple.
  3738 | Temple   | Entered the Ecumenical Temple
  4843 | D:4      | Reached XP level 7. HP: 56/61 MP: 6/6
  4997 | D:4      | Reached skill level 7 in Axes
  5045 | D:4      | Noticed Dowan
  5048 | D:4      | Noticed Duvessa
  5051 | D:4      | Killed Dowan
  5088 | D:4      | Killed Duvessa
  5124 | D:4      | Reached skill level 5 in Armour
  5256 | D:4      | Found a runed door.
  5359 | D:4      | Noticed Knicklaso's ghost (novice MiBe)
  5408 | D:4      | Killed Knicklaso's ghost
  5408 | D:4      | Reached skill level 8 in Axes
  5408 | D:4      | Reached XP level 8. HP: 37/71 MP: 7/7
  5955 | D:4      | Found a basalt altar of Yredelemnul.
  6103 | D:4      | Found a white marble altar of Elyvilon.
  6347 | D:5      | Entered Level 5 of the Dungeon
  6364 | D:5      | Reached skill level 9 in Axes
  6461 | D:5      | Found a white marble altar of Elyvilon.
  6479 | D:5      | Found a sparkling altar of Nemelex Xobeh.
  6524 | D:5      | Reached XP level 9. HP: 79/79 MP: 8/8
  6624 | D:5      | Reached **** piety under Trog
  6891 | D:6      | Found a runed door.
  6951 | D:6      | Noticed Kape1's ghost (novice DgCj)
  6987 | D:6      | Killed Kape1's ghost
  6987 | D:6      | Reached skill level 10 in Axes
  7939 | D:7      | Found Kieck's Elemental Accessories.
  8072 | D:7      | Reached skill level 11 in Axes
  8085 | D:7      | Found a deep blue altar of Sif Muna.
  8950 | D:7      | Found a burning altar of Makhleb.
  9371 | D:8      | Found a staircase to the Lair.
  9384 | Lair:1   | Entered Level 1 of the Lair of Beasts
  9450 | Lair:1   | Reached XP level 10. HP: 90/90 MP: 9/9
  9698 | Lair:1   | Reached skill level 5 in Dodging
  9788 | Lair:1   | Reached ***** piety under Trog
  9826 | Lair:1   | Reached skill level 12 in Axes
 10354 | Lair:2   | Noticed Fannar
 10364 | Lair:2   | Reached skill level 10 in Armour
 10378 | Lair:2   | Killed Fannar
 10588 | Lair:2   | Reached skill level 10 in Fighting
 10617 | Lair:2   | Reached skill level 13 in Axes
 10815 | Lair:2   | Reached XP level 11. HP: 57/99 MP: 10/10
 10942 | Lair:2   | Noticed Erica
 10959 | Lair:2   | Killed Erica
 11228 | Lair:2   | Noticed Sonja
 11240 | Lair:2   | Mangled by Sonja

Skill      XL: |  1  2  3  4  5  6  7  8  9 10 11 |
---------------+----------------------------------+-----
Fighting       | 4 5 6 7 8 10 | 10.4
Axes           | 4 5 6 8 9 11 13 | 13.2
Dodging        | 3 4 5 |  5.5
Armour         | 3 6 7 9 10 11 | 11.1
Stealth        | 1 2 |  2.1

Action                   |  1- 3 |  4- 6 |  7- 9 | 10-12 || total
-------------------------+-------+-------+-------+-------++-------
Melee: Hand axe          |    72 |   118 |   422 |   200 ||   812
       Headbutt          |    10 |    22 |    98 |    54 ||   184
Invok: Berserk           |       |       |     2 |     2 ||     4
       Trog's Hand       |       |       |     1 |     2 ||     3
  Use: Scroll            |     5 |     4 |     7 |     2 ||    18
 Stab: Sleeping          |     1 |       |       |       ||     1
  Eat: Ration            |     1 |     3 |     4 |     1 ||     9
       Chunk             |       |     1 |     4 |     2 ||     7
Armor: Animal skin       |     8 |       |       |       ||     8
       Ring mail         |       |    42 |       |       ||    42
       Chain mail        |       |     6 |   146 |    66 ||   218
Dodge: Dodged            |    53 |    69 |   144 |    62 ||   328
